 Dungeon Crawl Stone Soup version 0.29.0-4-gdea44cf6ec (webtiles) character file.

Game seed: 3415034488368844669

1015 qw the Grappler (level 8, -9/75 HPs)
             Began as a Troll Cinder Acolyte on Aug 30, 2022.
             Was an Elder of Ignis.
             Killed from afar by a gargoyle (27 damage)
             ... with a stone arrow
             ... on level 8 of the Dungeon.
             The game lasted 00:01:47 (3999 turns).

qw the Grappler (Troll Cinder Acolyte)              Turns: 3999, Time: 00:01:47

Health: -9/75      AC: 11    Str: 25    XL:     8   Next: 1%
Magic:  8/8        EV:  9    Int: 10    God:    Ignis [****..]
Gold:   264        SH:  0    Dex:  5    Spells: 9/9 levels left

rFire   + . .      SeeInvis .     - Unarmed
rCold   . . .      Faith    .   (no shield)
rNeg    . . .      Spirit   .   a - +0 robe
rPois   .          Reflect  .   (helmet restricted)
rElec   .          Harm     .   (no cloak)
rCorr   .          Rampage  .   (gloves unavailable)
Will    .....                   (boots unavailable)
Stlth   +.........              c - amulet of the acrobat
HPRegen 1.02/turn               k - +4 ring of protection
MPRegen 0.11/turn               (no ring)

@: corroded, fiery-armoured
A: large, unfitting armour, claws 3, regeneration 1, shaggy fur 1, tough skin 1
a: Renounce Religion, Fiery Armour, Foxfire Swarm, Rising Flame


You were on level 8 of the Dungeon.
You worshipped Ignis.
Ignis was greatly pleased with you.
You visited 1 branch of the dungeon, and saw 6 of its levels.

You collected 324 gold pieces.
You spent 60 gold pieces at shops.


Innate Abilities, Weirdness & Mutations

You are too large for most types of armour.
You have claws for hands.
Your natural rate of healing is unusually fast.
You are covered in fur. (AC +1)
You have tough skin. (AC +1)


   Skills:
 - Level 3.1 Fighting
 - Level 3.0 Throwing
 + Level 8.8 Unarmed Combat
 - Level 1.0 Spellcasting
 - Level 2.1 Fire Magic


You had 9 spell levels left.
You didn't know any spells.
Your spell library contained the following spells:

 Spells                   Type           Power      Damage    Failure   Level
 Scorch                   Fire           8%         2d5       22%         2

Inventory:

Missiles
 h - 2 large rocks (quivered)
Armour
 a - a +0 robe (worn)
Jewellery
 c - an amulet of the acrobat (around neck)
 k - a +4 ring of protection (left claw)
Scrolls
 b - a scroll of enchant armour {unknown}
 i - a scroll of identify
 m - a scroll of vulnerability {unknown}
Potions
 d - a potion of curing
 e - a potion of might {unknown}
 f - a potion of haste
 j - a potion of berserk rage {unknown}
 l - a potion of mutation {unknown}

Dungeon Overview and Level Annotations

Branches:
Dungeon (5/15)             Temple (0/1) D:4

Altars:
Vehumet
The Shining One

Shops:
D:2 [**


Message History

The gargoyle hits you with a +0 mace!
3988 ||| INVOKING Fiery Armour.
A protective cloak of flame settles atop you.
The gargoyle hits you but does no damage.
You scratch the gargoyle but do no damage.
The gargoyle is lightly damaged.
The gargoyle hurls a stone arrow at you.
The stone arrow hits you!
You scratch the gargoyle but do no damage.
The gargoyle is lightly damaged.
The gargoyle hits you with a +0 mace!
You claw the gargoyle!
The gargoyle is moderately damaged.
You scratch the gargoyle but do no damage.
The gargoyle is moderately damaged.
The gargoyle hits you but does no damage.
You scratch the gargoyle.
You claw the gargoyle, but do no damage.
The gargoyle is heavily damaged.
The gargoyle hits you with a +0 mace.
3994 ||| DRINKING potion of heal wounds.
You feel much better. The gargoyle barely misses you.
You scratch the gargoyle but do no damage.
The gargoyle is heavily damaged.
The gargoyle hurls a stone arrow at you.
The stone arrow hits you!!
You scratch the gargoyle.
The gargoyle is severely damaged.
The gargoyle closely misses you.
You completely miss the gargoyle.
The gargoyle is severely damaged.
The gargoyle hits you with a +0 mace!
You barely miss the gargoyle.
The gargoyle is severely damaged.
You scratch the gargoyle but do no damage.
The gargoyle is severely damaged.
The gargoyle hurls a stone arrow at you.
The stone arrow hits you!!
You die...

#.# #.# #.# #########.#
........#.#
........#.##############
........'...............
........########.#######
........##.. #@# ..#
........#.....##9##.F...
........# #9........#
#########..J..#####..c..
#########... ...#
#.)....###. .##
##......# # # ........#
........#


You could see a gargoyle.

Vanquished Creatures
  Eustachio (D:4)
  A black bear (D:4)
  An ogre (D:5)
  2 centaurs (D:8)
  2 bullfrogs
  A necrophage (D:5)
  A gnoll bouda (D:8)
  A jelly (D:8)
  An orc wizard (D:8)
  An iguana (D:4)
  Robin (D:4)
  9 adders
  3 gnolls (D:8)
  An ufetubus (D:3)
  3 dart slugs
  17 orcs
  15 ball pythons
  2 bats
  3 endoplasms
  4 giant cockroaches
  12 goblins
  7 hobgoblins
  7 jackals (D:1)
  4 kobolds
  4 quokkas
  A frilled lizard (D:3)
  3 rats
108 creatures vanquished.

Vanquished Creatures (others)
  A plant (D:1)
1 creature vanquished.

Grand Total: 109 creatures vanquished

Notes
Turn   | Place    | Note
-------+----------+-------------------------------------------
     0 | D:1      | qw the Troll Cinder Acolyte began the quest for the Orb.
     0 | D:1      | Reached XP level 1. HP: 22/22 MP: 1/1
     0 | D:1      | 0 ||| qw: Version: 0.1-a-95-gae9e614
     0 | D:1      | 0 ||| qw: Game counter: 4439
     0 | D:1      | 0 ||| qw: Always use a shield: true
     0 | D:1      | 0 ||| qw: God list: Okawaru
     0 | D:1      | 0 ||| qw: Allow faded altars: false
     0 | D:1      | 0 ||| qw: Do Orc after D:15 true
     0 | D:1      | 0 ||| qw: Do second Lair branch before Depths: true
     0 | D:1      | 0 ||| qw: Lair rune preference: random
     0 | D:1      | 0 ||| qw: Plans: Normal
     0 | D:1      | 0 ||| PLANNING D:1-11
   118 | D:1      | Found a faded altar of an unknown god.
   129 | D:1      | Reached skill level 1 in Throwing
   152 | D:1      | Reached XP level 2. HP: 29/29 MP: 2/2
   269 | D:1      | 269 ||| Stepping ~*~*~tactically~*~*~ (stealth).
   667 | D:1      | 667 ||| Stepping ~*~*~tactically~*~*~ (outnumbered).
   668 | D:1      | 668 ||| INVOKING Fiery Armour.
   670 | D:1      | Reached XP level 3. HP: 36/36 MP: 3/3
   671 | D:1      | Reached skill level 4 in Unarmed Combat
   949 | D:1      | 949 ||| READING scroll labelled INUTENEYMI.
  1239 | D:2      | Found Voveamo's Assorted Antiques.
  1246 | D:2      | 1246 ||| BUYING sapphire potion (18 gold).
  1246 | D:2      | Bought a sapphire potion for 18 gold pieces
  1246 | D:2      | 1246 ||| BUYING scroll labelled LAYPAUPLEON (21 gold).
  1246 | D:2      | Bought a scroll labelled LAYPAUPLEON for 21 gold pieces
  1246 | D:2      | 1246 ||| BUYING scroll labelled MUEHEARYWE (21 gold).
  1246 | D:2      | Bought a scroll labelled MUEHEARYWE for 21 gold pieces
  1246 | D:2      | 1246 ||| SHOPLISTING scroll of identify (42 gold, have 1).
  1319 | D:2      | Found Mopt's Armour Emporium.
  1378 | D:2      | Found Eseun's General Store.
  1385 | D:2      | 1385 ||| SHOPLISTING scroll of enchant armour (75 gold,
                  | have 1).
  1385 | D:2      | 1385 ||| SHOPLISTING scroll of identify (20 gold, have 1).
  1483 | D:2      | 1483 ||| DROPPING +6 ring of intelligence.
  1484 | D:2      | 1484 ||| READING scroll labelled LAYPAUPLEON.
  1485 | D:2      | 1485 ||| READING scroll labelled MUEHEARYWE.
  1546 | D:3      | 1546 ||| Stepping ~*~*~tactically~*~*~ (stealth).
  1549 | D:3      | 1549 ||| INVOKING Fiery Armour.
  1550 | D:3      | 1550 ||| Stepping ~*~*~tactically~*~*~ (outnumbered).
  1558 | D:3      | 1558 ||| FLEEEEING.
  1559 | D:3      | 1559 ||| FLEEEEING.
  1560 | D:3      | 1560 ||| FLEEEEING.
  1561 | D:3      | 1561 ||| FLEEEEING.
  1562 | D:3      | 1562 ||| FLEEEEING.
  1563 | D:3      | 1563 ||| FLEEEEING.
  1564 | D:3      | 1564 ||| FLEEEEING.
  1567 | D:3      | Reached XP level 4. HP: 43/44 MP: 4/4
  1684 | D:3      | 1684 ||| Stepping ~*~*~tactically~*~*~ (hiding).
  2018 | D:3      | Reached skill level 5 in Unarmed Combat
  2146 | D:3      | Reached XP level 5. HP: 50/50 MP: 5/5
  2225 | D:3      | 2225 ||| FLEEEEING.
  2237 | D:3      | 2237 ||| Stepping ~*~*~tactically~*~*~ (hiding).
  2621 | D:3      | 2621 ||| UPGRADING to +4 ring of protection.
  2622 | D:3      | 2622 ||| READING 2 scrolls labelled XYLLIW EFRADWE.
  2626 | D:3      | 2626 ||| READING scroll labelled LAXUR YCKEL.
  2627 | D:3      | 2627 ||| READING scroll labelled FEICAE XUEREAM.
  2628 | D:3      | 2628 ||| READING scroll labelled AGARUO ASHRIAMA.
  2629 | D:3      | 2629 ||| DRINKING 2 silvery potions.
  2630 | D:3      | 2630 ||| DRINKING 2 sapphire potions.
  2631 | D:3      | 2631 ||| READING scroll of teleportation.
  2657 | D:4      | Found a glowing golden altar of the Shining One.
  2691 | D:4      | Found a radiant altar of Vehumet.
  2759 | D:4      | Noticed a black bear
  2763 | D:4      | 2763 ||| Stepping ~*~*~tactically~*~*~ (stealth).
  2768 | D:4      | 2768 ||| Stepping ~*~*~tactically~*~*~ (stealth).
  2769 | D:4      | 2769 ||| Stepping ~*~*~tactically~*~*~ (stealth).
  2770 | D:4      | 2770 ||| Stepping ~*~*~tactically~*~*~ (stealth).
  2773 | D:4      | Killed a black bear
  2774 | D:4      | Reached skill level 6 in Unarmed Combat
  2816 | D:4      | Found a staircase to the Ecumenical Temple.
  2816 | D:4      | Noticed Eustachio
  2823 | D:4      | Killed Eustachio
  2824 | D:4      | Reached XP level 6. HP: 50/59 MP: 6/6
  3140 | D:4      | Reached skill level 7 in Unarmed Combat
  3169 | D:4      | 3169 ||| INVOKING Fiery Armour.
  3171 | D:4      | 3171 ||| Stepping ~*~*~tactically~*~*~ (outnumbered).
  3180 | D:4      | 3180 ||| Stepping ~*~*~tactically~*~*~ (stealth).
  3184 | D:4      | 3184 ||| Stepping ~*~*~tactically~*~*~ (outnumbered).
  3191 | D:4      | Noticed Robin
  3192 | D:4      | 3192 ||| Stepping ~*~*~tactically~*~*~ (stealth).
  3203 | D:4      | Killed Robin
  3525 | D:4      | 3525 ||| UPGRADING to amulet of the acrobat.
  3530 | D:4      | 3530 ||| DRINKING 2 smoky silvery potions.
  3531 | D:4      | 3531 ||| DRINKING 2 cyan potions.
  3532 | D:4      | 3532 ||| READING 2 scrolls of identify.
  3532 | D:4      | 3532 ||| IDENTIFYING viscous cyan potion
  3533 | D:4      | 3533 ||| DROPPING potion of flight.
  3534 | D:4      | 3534 ||| DROPPING potion of invisibility.
  3540 | D:5      | Entered Level 5 of the Dungeon
  3564 | D:5      | Reached XP level 7. HP: 64/66 MP: 7/7
  3696 | D:5      | You fall into a shaft and drop 3 floors!
  3736 | D:8      | 3736 ||| Stepping ~*~*~tactically~*~*~ (outnumbered).
  3737 | D:8      | 3737 ||| Stepping ~*~*~tactically~*~*~ (outnumbered).
  3738 | D:8      | 3738 ||| Stepping ~*~*~tactically~*~*~ (outnumbered).
  3739 | D:8      | 3739 ||| Stepping ~*~*~tactically~*~*~ (outnumbered).
  3740 | D:8      | 3740 ||| Stepping ~*~*~tactically~*~*~ (outnumbered).
  3761 | D:8      | Reached skill level 8 in Unarmed Combat
  3824 | D:8      | Reached skill level 3 in Fighting
  3825 | D:8      | Reached skill level 3 in Throwing
  3970 | D:8      | Noticed a gargoyle
  3971 | D:8      | 3971 ||| Stepping ~*~*~tactically~*~*~ (hiding).
  3972 | D:8      | 3972 ||| Stepping ~*~*~tactically~*~*~ (hiding).
  3984 | D:8      | Reached XP level 8. HP: 70/75 MP: 8/8
  3988 | D:8      | 3988 ||| INVOKING Fiery Armour.
  3993 | D:8      | HP: 18/75 [gargoyle/+0 mace (3)]
  3994 | D:8      | 3994 ||| DRINKING potion of heal wounds.
  3999 | D:8      | Killed from afar by a gargoyle

Levels and vault maps discovered:
D:1:      minmay_arrival_four_houses, layout_basic,
          shapermc_ecumenical_altar_gd, chequers_decorated_corner,
          corexii_corridor_pit
D:2:      layout_loops_cross, serial_shops, nicolae_shop_statue_plus,
          nicolae_shop_hallway_plus, shop
D:3:      layout_basic, minmay_snake_closets
D:4:      layout_basic, mainiacjoe_overflow_large_starburst,
          minmay_temple_entry_statues_fountains, kennysheep_generic_room_12,
          uniq_eustachio, uniq_robin
D:5:      layout_loops_ring, uniq_edmund, uniq_ijyb, uniq_blork_the_orc
D:8:      minmay_octagon_keep, layout_basic, minmay_misc_feat_plants

Skill      XL: |  1  2  3  4  5  6  7 |
---------------+----------------------+-----
Throwing       | 1 2 3 |  3.0
Unarmed Combat | 4 5 6 7 8 |  8.8
Fighting       | 3 |  3.1
Spellcasting   | |  1.0
Fire Magic     | |  2.1

Action                   |  1- 3 |  4- 6 |  7- 9 || total
-------------------------+-------+-------+-------++-------
Melee: Unarmed           |    71 |   120 |    76 ||   267
       Punch             |       |     4 |     3 ||     7
Throw: Large rock        |    25 |    19 |     6 ||    50
Invok: Fiery Armour      |     2 |     1 |     1 ||     4
  Use: Scroll            |     3 |     6 |       ||     9
       Potion            |       |     4 |     1 ||     5
Armor: Robe              |    22 |    51 |    28 ||   101
Dodge: Dodged            |    34 |    36 |    25 ||    95

Table legend:
 A = Non-vault XP
 B = Vault XP
 C = Vault XP percentage of total XP
 D = Non-vault monster count
 E = Vault monster count
 F = Vault count percentage of total count
                 A         B        C        D         E       F
            +---------+---------+-------+---------+---------+-------
      Total |     897 |     553 |  38.1 |      79 |      29 |  26.9
            +---------+---------+-------+---------+---------+-------
        D:1 |      47 |       0 |   0.0 |      25 |       0 |   0.0
        D:2 |      14 |       0 |   0.0 |       8 |       0 |   0.0
        D:3 |      69 |      75 |  52.1 |      17 |      12 |  41.4
        D:4 |     284 |     235 |  45.3 |      12 |      14 |  53.8
        D:5 |     231 |       0 |   0.0 |       4 |       0 |   0.0
        D:8 |     252 |     243 |  49.1 |      13 |       3 |  18.8
            +---------+---------+-------+---------+---------+-------
